 Dungeon Crawl Stone Soup version 0.29-a0-344-ge2f44be95a (webtiles) character file.

Game seed: 15762159845756180445

2 Iusername the Conjurer (level 1, 0/14 HPs)
             Began as a Draconian Conjurer on Apr 21, 2022.
             Slain by a hobgoblin (2 damage)
             ... on level 1 of the Dungeon.
             The game lasted 00:00:53 (85 turns).

Iusername the Conjurer (Draconian Conjurer)           Turns: 85, Time: 00:00:54

Health: 0/14       AC:  4    Str:  9    XL:     1   Next: 33%
Magic:  3/3        EV: 12    Int: 18    God:
Gold:   0          SH:  0    Dex:  9    Spells: 3/4 levels left

rFire   + . .      SeeInvis .   (no weapon)
rCold   + . .      Faith    .   (no shield)
rNeg    . . .      Spirit   .   (body armour unavailable)
rPois   +          Reflect  .   (helmet restricted)
rElec   +          Harm     .   (no cloak)
rCorr   +          Rampage  .   (no gloves)
Will    .....                   (no boots)
Stlth   ++........              (no amulet)
HPRegen 0.04/turn               (no ring)
MPRegen 0.08/turn               (no ring)

@: resistant
A: AC +4, unfitting armour, cold-blooded
a: no special abilities


You were on level 1 of the Dungeon.
You visited 1 branch of the dungeon, and saw 1 of its levels.

You aren't carrying anything.


   Skills:
 + Level 1.9 Dodging
 + Level 1.7 Stealth
 + Level 2.0 Spellcasting
 + Level 4.0 Conjurations


You had 3 spell levels left.
You knew the following spells:

 Your Spells              Type           Power      Damage    Failure   Level
a - Magic Dart            Conj           64%        1d6       3%          1

Your spell library contained the following spells:

 Spells                   Type           Power      Damage    Failure   Level
 Searing Ray              Conj           32%        2d5       5%          2
 Dazzling Flash           Conj/Hex       18%        N/A       24%         3
 Fulminant Prism          Conj/Hex       4%         3d6       61%         4
 Iskenderun's Mystic Bla  Conj/Tloc      9%         2d4       61%         4


Dungeon Overview and Level Annotations

Branches:
Dungeon (1/15)

Altars:


Innate Abilities, Weirdness & Mutations

Your plain brown scales are hard. (AC +4)
You cannot fit into any form of body armour.
You are cold-blooded and may be slowed by cold attacks.


Message History

The frilled lizard misses you. The hobgoblin barely misses you.
The rat bites you but does no damage.
You closely miss the hobgoblin.
The hobgoblin is moderately wounded.
The frilled lizard bites you but does no damage.
The hobgoblin closely misses you. The rat barely misses you.
You closely miss the hobgoblin.
The hobgoblin is moderately wounded.
The frilled lizard bites you but does no damage.
The hobgoblin barely misses you. The rat bites you but does no damage.
You hit the hobgoblin but do no damage.
The hobgoblin is moderately wounded.
The frilled lizard barely misses you. The hobgoblin closely misses you.
The rat closely misses you.
You closely miss the hobgoblin.
Your tail-slap misses the hobgoblin.
The hobgoblin is moderately wounded.
The frilled lizard barely misses you. The hobgoblin closely misses you.
The rat bites you but does no damage.
You closely miss the hobgoblin.
The hobgoblin is moderately wounded.
The frilled lizard misses you. The hobgoblin hits you.
* * * LOW HITPOINT WARNING * * *
The rat bites you but does no damage.
You hit the hobgoblin but do no damage.
The hobgoblin is moderately wounded.
The frilled lizard misses you. The hobgoblin closely misses you.
The rat barely misses you.
You hit the hobgoblin.
Your tail-slap misses the hobgoblin.
The hobgoblin is severely wounded.
The frilled lizard closely misses you. The hobgoblin barely misses you.
The rat bites you.
* * * LOW HITPOINT WARNING * * *
You hit the hobgoblin but do no damage.
The hobgoblin is severely wounded.
The frilled lizard bites you but does no damage.
The hobgoblin misses you. The rat closely misses you.
You hit the hobgoblin but do no damage.
The hobgoblin is severely wounded.
The frilled lizard barely misses you. The hobgoblin hits you.
You die...

..).......#
..........#
.........#
.........+
.....)..#
#.....#
#.l...#
#@g...#
#.r...+
#.....#
#.....+
##....#
#....#
#....#
#....#
#....#


You could see a hobgoblin, a frilled lizard and a rat.

Vanquished Creatures
  A goblin (D:1)
  A frilled lizard (D:1)
  A rat (D:1)
3 creatures vanquished.

Notes
Turn   | Place    | Note
-------+----------+-------------------------------------------
     0 | D:1      | Iusername the Draconian Conjurer began the quest for the
                  | Orb.
     0 | D:1      | Reached XP level 1. HP: 14/14 MP: 3/3
    85 | D:1      | Slain by a hobgoblin

Illustrated notes

Levels and vault maps discovered:
D:1:      eino_arrival_cavern_e, layout_basic

Action                   || total
-------------------------++-------
Melee: Unarmed           ||    30
       Tailslap          ||     4
 Cast: Magic Dart        ||     2
  Use: Potion            ||     2
Armor: Skin              ||    22
Dodge: Dodged            ||    59

Table legend: (Time is in decaauts)
 A = Elapsed time spent in this place.
 B = Non-inter-level travel time spent in this place.
 C = Inter-level travel time spent in this place.
 D = Time resting spent in this place.
 E = Time spent auto-exploring this place.
 F = Levels seen in this place.
 G = Mean time per level.
                   A        B        C        D        E       F      G
               +--------+--------+--------+--------+--------+-----+--------+
         Total |     85 |     85 |      0 |      0 |     27 |   1 |   85.0 |
       Dungeon |     85 |     85 |      0 |      0 |     27 |   1 |   85.0 |
               +--------+--------+--------+--------+--------+-----+--------+

Top non-repeatable levels by time:
     D:1: 85 daAuts
